 Dungeon Crawl Stone Soup version 0.30-a0-996-ga6910c8ee8 (webtiles) character file.

Game seed: 6002864344697142147

499 Miklu the Chiller (level 7, -7/49 HPs)
             Began as a Human Ice Elementalist on Apr 4, 2023.
             Mangled by Winter's ghost (13 damage)
             ... on level 4 of the Dungeon.
             The game lasted 00:46:40 (3135 turns).

Miklu the Chiller (Human Ice Elementalist)          Turns: 3135, Time: 00:46:40

Health: -7/49      AC: 15    Str: 12    XL:     7   Next: 39%
Magic:  7/13       EV: 14    Int: 17    God:
Gold:   154        SH:  0    Dex: 19    Spells: 3/14 levels left

rFire   x . .      SeeInvis .    d - staff of cold
rCold   + + +      Faith    .    (no shield)
rNeg    . . .      Spirit   .    f - +2 robe of Noon {rC+ Str+3}
rPois   .          Reflect  .    (no helmet)
rElec   .          Rampage  .    (no cloak)
rCorr   .                        (no gloves)
Will    .....                    j - +2 pair of boots
Stlth   ++                       (no amulet)
HPRegen 0.28/turn                e - ring of ice
MPRegen 0.13/turn                a - +6 ring of dexterity

@: ice-armoured, freezing walls, studying Dodging
A: no striking features
a: no special abilities


You were on level 4 of the Dungeon.
You visited 1 branch of the dungeon, and saw 4 of its levels.

You collected 154 gold pieces.

Inventory:

Armour
 f - the +2 robe of Noon (worn) {rC+ Str+3}
   (You found it on level 2 of the Dungeon)

   Str:       It affects your strength (+3).
   rC:        It protects you from cold.
 j - a +2 pair of boots (worn)
 l - a +1 robe
Magical Staves
 d - a staff of cold (weapon)
Jewellery
 a - a +6 ring of dexterity (right hand)
 e - a ring of ice (left hand)
Scrolls
 c - a scroll of enchant armour
 k - a scroll of identify


   Skills:
 + Level 1.6 Fighting
 + Level 2.4 Staves
 + Level 4.2 Dodging
 + Level 2.6 Stealth
 + Level 4.0 Spellcasting
 + Level 0.1 Summonings
 + Level 5.4 Ice Magic


You had 3 spell levels left.
You knew the following spells:

 Your Spells              Type           Power      Damage    Failure   Level
a - Freeze                Ice            100%       1d10      1%          1
b - Frozen Ramparts       Ice            98%        1d15      4%          3
c - Ozocubu's Armour      Ice            49%        N/A       4%          3
d - Summon Ice Beast      Ice/Summ       29%        N/A       45%         4

Your spell library contained the following spells:

 Spells                   Type           Power      Damage    Failure   Level
 Apportation              Tloc           6%         N/A       16%         1
 Necrotise                Necr           12%        1d4       16%         1
 Summon Small Mammal      Summ           12%        N/A       16%         1
 Blink                    Tloc           6%         N/A       24%         2
 Sublimation of Blood     Necr           3%         N/A       24%         2
 Ignite Poison            Fire/Tmut/Pois 3%         N/A       43%         3
 Kindle Blastsparks       Fire/Tloc/Air  6%         2d10      43%         3
 Portal Projectile        Hex/Tloc       6%         N/A       43%         3
 Tukima's Dance           Hex            3%         N/A       43%         3
 Animate Dead             Necr           3%         N/A       83%         4
 Manifold Assault         Tloc           3%         N/A       83%         4
 Freezing Cloud           Conj/Ice/Air   10%        6-21      91%         5
 Blade Hands              Tmut           1%         N/A       99%         5
 Borgnjor's Vile Clutch   Necr/Erth      1%         N/A       99%         5
 Death Channel            Necr           1%         N/A       100%        6
 Storm Form               Tmut/Air       1%         N/A       100%        7
 Death's Door             Necr           1%         N/A       100%        9


Dungeon Overview and Level Annotations

Branches:
Dungeon (4/15)
 Temple: D:4-7

Altars:
Uskayaw
Yredelemnul

Shops:
D:1 :

Annotations:
D:4 Grinder; Winter's ghost, novice MiFi


Message History

You hit the kobold.
The kobold is moderately wounded.
The kobold completely misses you.
You closely miss the kobold.
The kobold is moderately wounded.
The kobold hits you but does no damage.
You hit the kobold.
You kill the kobold!
You barely miss Winter's ghost.
Winter's ghost is heavily damaged.
Winter's ghost barely misses you.
Winter's ghost says, "You must not succeed where I failed!"
Winter's ghost hits you but does no damage.
Winter's ghost attacks as you move away!
Winter's ghost hits you!
* * * LOW HITPOINT WARNING * * *
There is an open door here.
Okay, then.
Magic courses through your body. Winter's ghost hits you.
* * * LOW HITPOINT WARNING * * *
Casting: Freeze (safe; 1% risk of failure)
Confirm with . or Enter, or press ? or * to list all spells.
Casting: Frozen Ramparts (dangerous; 4% risk of failure)
Press: ? - help, Dir - look around, f - activate A rock wall.
You feel a strong surge of power!
The walls around you are covered in ice.
The wall freezes Winter's ghost but does no damage.
Winter's ghost closely misses you.
Casting: Frozen Ramparts (dangerous; 4% risk of failure)
Confirm with . or Enter, or press ? or * to list all spells.
You feel a strong surge of power! A film of ice covers your body!
The wall freezes Winter's ghost!
Winter's ghost misses you.
You hit Winter's ghost but do no damage.
Winter's ghost is heavily damaged.
The wall freezes Winter's ghost.
Winter's ghost closely misses you.
You barely miss Winter's ghost.
Winter's ghost is severely damaged.
The wall freezes Winter's ghost.
Winter's ghost hits you!
You die...

...........#........# #.
........รท..#........# #.
...........#........# #.
...........#........# #.
#####......#........# #. ..
#......)........# #.
...#......#..##...## ########
...########..##...##+####....###
..>....#.....#@.......|......#
.....#.....W...............#
#...#.....#...............#
######...#.....#...............#
.........'.....#...............#
.........#....#####'#####......#
....##...##'####.......##.....###
###########...##.......#########.
....##...#.............##.....##.


You could see Winter's ghost.

Vanquished Creatures
  The ghost of vishdafish the Conjurer, an amateur DsCj (D:4)
  A bullfrog (D:4)
  A scorpion (D:4)
  A hound (D:3)
  An orc wizard (D:3)
  A gnoll (D:1)
  4 adders
  A white imp (D:4)
  A worm (D:3)
  5 dart slugs
  2 orcs
  8 endoplasms
  4 giant cockroaches
  8 goblins
  7 hobgoblins
  5 ball pythons
  5 bats
  2 frilled lizards
  14 kobolds
  8 rats
  A spectral orc (D:3)
81 creatures vanquished.

Vanquished Creatures (collateral kills)
  An orc (D:4)
1 creature vanquished.

Grand Total: 82 creatures vanquished

Notes
Turn   | Place    | Note
-------+----------+-------------------------------------------
     0 | D:1      | Miklu the Human Ice Elementalist began the quest for the
                  | Orb.
     0 | D:1      | Reached XP level 1. HP: 13/13 MP: 3/3
   198 | D:1      | Reached XP level 2. HP: 19/19 MP: 3/5
   328 | D:1      | Found Worphosk's Book Shop.
   562 | D:1      | Reached XP level 3. HP: 24/24 MP: 1/6
   769 | D:2      | Reached XP level 4. HP: 31/31 MP: 6/8
  1027 | D:2      | Learned a level 3 spell: Frozen Ramparts
  1205 | D:2      | Identified the +2 robe of Noon {rC+ Str+3}
  1483 | D:3      | Reached skill level 1 in Staves
  1483 | D:3      | Reached XP level 5. HP: 36/36 MP: 4/9
  1526 | D:3      | Got the Omnibus of Spectres
  1536 | D:3      | Learned a level 3 spell: Ozocubu's Armour
  1599 | D:3      | Found a hide-covered altar of Uskayaw.
  1671 | D:3      | Found a basalt altar of Yredelemnul.
  1819 | D:3      | Identified the +2 leather armour of Insecurity {rF- rN+++
                  | Dex-5 SInv}
  1888 | D:3      | Reached skill level 1 in Fighting
  2095 | D:4      | Found a runed translucent gate.
  2097 | D:4      | Found a runed translucent gate.
  2159 | D:4      | Found a runed translucent gate.
  2162 | D:4      | Noticed vishdafish's ghost (amateur DsCj)
  2162 | D:4      | Noticed Winter's ghost (novice MiFi)
  2221 | D:4      | Reached skill level 5 in Ice Magic
  2221 | D:4      | Reached XP level 6. HP: 35/43 MP: 6/11
  2248 | D:4      | Learned a level 4 spell: Summon Ice Beast
  2519 | D:4      | Noticed Grinder
  2526 | D:4      | Paralysed by Grinder for 3 turns
  2540 | D:4      | Paralysed by Grinder for 2 turns
  2546 | D:4      | Paralysed by Grinder for 2 turns
  2563 | D:4      | Paralysed by Grinder for 4 turns
  2803 | D:4      | Paralysed by Grinder for 5 turns
  3091 | D:4      | Killed vishdafish's ghost
  3092 | D:4      | Reached XP level 7. HP: 32/49 MP: 1/13
  3135 | D:4      | Mangled by Winter's ghost

Illustrated notes

Levels and vault maps discovered:
D:1:      minmay_arrival_cross, layout_rooms, serial_shops, shop,
          amcnicky_mini_corridor_feature, minmay_misc_feat_more_columns,
          minmay_bisected
D:2:      layout_loops_ring
D:3:      layout_basic, old_standard_altar, yredelemnul_forgotten_temple_becter,
          minmay_pentangle
D:4:      layout_gridville, vehumet_altar_wand_db, gammafunk_ghost_cemetery,
          minmay_manual_mess, uniq_grinder

Skill      XL: |  1  2  3  4  5  6 |
---------------+-------------------+-----
Spellcasting   | 3 4 |  4.0
Staves         | 1 2 |  2.4
Fighting       | 1 |  1.6
Ice Magic      | 5 |  5.4
Dodging        | 4 |  4.2
Stealth        | |  2.6
Summonings     | |  0.1

Action                     |  1- 3 |  4- 6 |  7- 9 || total
---------------------------+-------+-------+-------++-------
  Melee: Staff             |    36 |   177 |    11 ||   224
         Unarmed           |     2 |       |       ||     2
         Punch             |     1 |     4 |       ||     5
   Cast: Freeze            |    32 |    32 |       ||    64
         Frozen Ramparts   |       |     7 |     1 ||     8
         Ozocubu's Armour  |       |     2 |     1 ||     3
         Summon Ice Beast  |       |     2 |       ||     2
    Use: Scroll            |     2 |     9 |       ||    11
         Potion            |       |     3 |     1 ||     4
   Stab: Sleeping          |       |     1 |       ||     1
 Armour: Robe              |     8 |    47 |     7 ||    62
         Skin              |       |   110 |       ||   110
  Dodge: Dodged            |    33 |   126 |     7 ||   166

Table legend: (Time is in decaauts)
 A = Elapsed time spent in this place.
 B = Non-inter-level travel time spent in this place.
 C = Inter-level travel time spent in this place.
 D = Time resting spent in this place.
 E = Time spent auto-exploring this place.
 F = Levels seen in this place.
 G = Mean time per level.
                   A        B        C        D        E       F      G
               +--------+--------+--------+--------+--------+-----+--------+
         Total |   3164 |   1227 |   1937 |      3 |      0 |   4 |  791.0 |
       Dungeon |   3164 |   1227 |   1937 |      3 |      0 |   4 |  791.0 |
               +--------+--------+--------+--------+--------+-----+--------+

Top non-repeatable levels by time:
     D:4: 977 daAuts
     D:3: 836 daAuts
     D:1: 763 daAuts
     D:2: 587 daAuts
